 Dungeon Crawl Stone Soup version 0.29-a0-483-g69413ac (webtiles) character file.

Game seed: 4692941871296958830

1457 Toastz the Skirmisher (level 9, -3/67 HPs)
             Began as a Djinni Venom Mage on May 25, 2022.
             Killed from afar by a white imp (18 damage)
             ... with a puff of frost
             ... on level 5 of the Dungeon.
             The game lasted 00:14:04 (6291 turns).

Toastz the Skirmisher (Djinni Venom Mage)           Turns: 6291, Time: 00:14:04

Health: -3/67      AC:  4    Str:  7    XL:     9   Next: 5%
Gold:   160        EV: 12    Int: 22    God:
                   SH:  5    Dex: 13

rFire   + + .      SeeInvis .   a - +1 rapier (protect)
rCold   x . .      Faith    .   l - +0 buckler
rNeg    . . .      Spirit   .   y - +0 robe
rPois   ∞          Reflect  .   (no helmet)
rElec   .          Harm     .   s - +0 cloak
rCorr   .          Rampage  .   u - +0 pair of gloves
Will    .....                   (boots unavailable)
Stlth   ++........              (no amulet)
HPRegen 0.21/turn               (no ring)
MPRegen 0.00/turn               (no ring)

@: flying
A: sickness immunity, fire resistance 2, cold vulnerability 1, float, innate
caster, HP casting, extra vitality 1
a: no special abilities


You were on level 5 of the Dungeon.
You visited 1 branch of the dungeon, and saw 5 of its levels.

You collected 160 gold pieces.

Inventory:

Hand Weapons
 a - a +1 rapier of protection (weapon)
 e - a +0 short sword
 w - a +1 spear of pain
Missiles
 j - 115 stones
 m - 5 poisoned darts
 r - 4 boomerangs
Armour
 l - a +0 buckler (worn)
 s - a +0 cloak (worn)
 u - a +0 pair of gloves (worn)
 y - a +0 robe (worn)
Wands
 z - a wand of flame (9)
Scrolls
 b - a scroll of silence {unknown}
 c - a scroll of summoning {unknown}
 d - a scroll of fear
 f - a scroll of magic mapping {unknown}
 i - 3 scrolls of teleportation
 k - a scroll of poison {unknown}
 n - 2 scrolls of amnesia {unknown}
 p - a scroll of immolation {unknown}
 t - a scroll of blinking {unknown}
 v - a scroll of fog {unknown}
 x - a scroll of identify
Potions
 g - a potion of curing
 o - a potion of flight {unknown}
 q - a potion of brilliance {unknown}


   Skills:
 * Level 6.6 Fighting
 - Level 2.1 Dodging
 - Level 1.5 Stealth
 + Level 3.9 Shields
 * Level 5.8 Spellcasting


You couldn't memorise any spells.
You knew the following spells:

 Your Spells              Type           Power      Damage    Failure   Level
a - Sting                 Tmut/Pois      100%       1d8       1%          1
b - Poisonous Vapours     Pois/Air       64%        N/A       1%          2
c - Mephitic Cloud        Conj/Pois/Air  32%        N/A       3%          3
d - Olgreb's Toxic Radia  Pois           32%        N/A       11%         4
e - Sandblast             Erth           64%        2d14      1%          1
f - Vampiric Draining     Necr           32%        2d8       3%          3
g - Passwall              Tmut/Erth      26%        N/A       1%          2
h - Dazzling Flash        Conj/Hex       64%        N/A       3%          3
Your spell library was empty.

Dungeon Overview and Level Annotations

Branches:
Dungeon (5/15)
 Temple: D:4-7

Altars:

Shops:
D:2 (


Innate Abilities, Weirdness & Mutations

You are immune to sickness and miasma.
You are immune to poison.
Your flesh is very heat resistant. (rF++)
You are vulnerable to cold. (rC-)
You float through the air rather than walking.
You learn spells naturally, not from books.
Your magical power is your life essence.
You have superior vitality. (+4 MHP)


Message History

Something bites you!
* * * LOW HITPOINT WARNING * * *
It was a potion of curing.
You feel better.
You hear some strange, mumbled words.
Something tries to affect you, but you resist.
Something hits you but does no damage. Something bites you but does no damage.
Something hits you but does no damage. You block something's attack.
Your surroundings suddenly seem different.
An orc comes into view. It is wielding a +0 falchion.
The helpless orc fails to defend itself.
You puncture the orc!
Your weapon exudes an aura of protection.
You kill the orc!
You start resting.
A white imp comes into view.
You see here a +0 falchion.
Casting: Sandblast (safe; 1% risk of failure)
Confirm with . or Enter, or press ? or * to list all spells.
Aiming: Sting (safe; 1% risk of failure)
Press: ? - help, Shift-Dir - straight line, f - white imp
Aim: a white imp (wandering, hasn't noticed you, 78% to hit)
The sting hits the white imp.
The white imp partially resists.
The white imp is poisoned.
The white imp is lightly wounded.
The white imp shouts, "Leave, thou obnoxious beef-witted bounder!"
* * * LOW HITPOINT WARNING * * *
An orc comes into view. It is wielding a +0 flail.
Casting: Sting (safe; 1% risk of failure)
Confirm with . or Enter, or press ? or * to list all spells.
Aiming: Sting (safe; 1% risk of failure)
Press: ? - help, Shift-Dir - straight line, f/p - white imp
Aim: a white imp (lightly wounded, poisoned, 78% to hit)
The sting hits the white imp.
The white imp partially resists.
The white imp looks even sicker.
The white imp is moderately wounded.
The orc shouts!
* * * LOW HITPOINT WARNING * * *
The white imp gestures at you. The puff of frost hits you!!
You feel a terrible chill!
You die...

#.# #.#
#.# #.#
#.# #.#
#)# .#
#.###...##
#.@.5....o
#####..###
#


You could see a white imp (very poisoned) and an orc.

Vanquished Creatures
  2 water moccasins (D:5)
  A black bear (D:5)
  An ice beast (D:5)
  3 ogres
  A phantom (D:4)
  A necrophage (D:5)
  3 scorpions
  A howler monkey (D:5)
  An orc priest (D:5)
  5 hounds
  Crazy Yiuf (D:2)
  2 iguanas
  2 orc wizards (D:5)
  4 gnolls (D:4)
  2 adders
  A shadow imp (D:5)
  2 worms
  A dart slug (D:1)
  5 orcs
  7 ball pythons
  7 bats
  9 endoplasms
  2 giant cockroaches
  5 goblins
  7 hobgoblins
  3 jackals (D:1)
  2 kobolds (D:3)
  6 quokkas
  2 frilled lizards
  4 rats
93 creatures vanquished.

Vanquished Creatures (others)
  6 fungi (D:2)
6 creatures vanquished.

Grand Total: 99 creatures vanquished

Notes
Turn   | Place    | Note
-------+----------+-------------------------------------------
     0 | D:1      | Toastz the Djinni Venom Mage began the quest for the Orb.
     0 | D:1      | Reached XP level 1. HP: 15/15 MP: 0/0
   416 | D:1      | Reached XP level 2. HP: 21/22 MP: 0/0
   426 | D:1      | Reached skill level 1 in Fighting
   716 | D:1      | Reached XP level 3. HP: 21/27 MP: 0/0
   716 | D:1      | Learned a level 1 spell: Sandblast
  1366 | D:2      | You are sucked into a shaft and drop 2 floors!
  1584 | D:4      | Noticed a phantom
  1676 | D:4      | Noticed a scorpion
  1685 | D:4      | Killed a scorpion
  1686 | D:4      | Reached skill level 2 in Fighting
  1686 | D:4      | Reached XP level 4. HP: 19/34 MP: 0/0
  1885 | D:4      | Reached skill level 3 in Fighting
  1885 | D:4      | Reached XP level 5. HP: 13/40 MP: 0/0
  1885 | D:4      | Learned a level 2 spell: Passwall
  2498 | D:2      | Found a runed translucent door.
  2499 | D:2      | Noticed Crazy Yiuf
  2567 | D:2      | Found Muusyum's Weapon Boutique.
  2633 | D:2      | Found a faded altar of an unknown god.
  2722 | D:2      | Killed Crazy Yiuf
  4075 | D:4      | Reached XP level 6. HP: 26/46 MP: 0/0
  4229 | D:4      | Reached skill level 1 in Shields
  4876 | D:4      | Reached skill level 4 in Fighting
  4876 | D:4      | Reached XP level 7. HP: 43/52 MP: 0/0
  4876 | D:4      | Learned a level 3 spell: Vampiric Draining
  5338 | D:5      | Entered Level 5 of the Dungeon
  5342 | D:5      | Noticed a water moccasin
  5544 | D:5      | Reached skill level 5 in Fighting
  5548 | D:5      | Reached XP level 8. HP: 26/59 MP: 0/0
  5762 | D:5      | Reached skill level 5 in Spellcasting
  5875 | D:5      | Reached skill level 6 in Fighting
  6242 | D:5      | Noticed a vampire
  6248 | D:5      | Reached XP level 9. HP: 37/67 MP: 0/0
  6248 | D:5      | Learned a level 3 spell: Dazzling Flash
  6251 | D:5      | HP: 1/67 [something (11)]
  6291 | D:5      | Killed from afar by a white imp

Illustrated notes

Levels and vault maps discovered:
D:1:      dpeg_arrival_pits, layout_basic, grunt_decor_mini_mirrors
D:2:      layout_rooms, serial_shops, nicolae_shop_bloodbath_and_beyond,
          shapermc_ecumenical_altar_hornbeckon, uniq_crazy_yiuf_cottage
D:3:      layout_basic
D:4:      layout_basic
D:5:      layout_loops_ring, serial_shops, nicolae_shop_window_shopping,
          minmay_divided_ellipse

Skill      XL: |  1  2  3  4  5  6  7  8 |
---------------+-------------------------+-----
Fighting       | 1 2 3 4 5 6 |  6.6
Spellcasting   | 3 4 5 |  5.8
Shields        | 1 2 3 |  3.9
Dodging        | |  2.1
Stealth        | |  1.5

Action                   |  1- 3 |  4- 6 |  7- 9 || total
-------------------------+-------+-------+-------++-------
Melee: Unarmed           |     2 |       |       ||     2
       Short sword       |    17 |    42 |     6 ||    65
       Punch             |     2 |       |       ||     2
       Rapier            |       |       |    29 ||    29
 Cast: Sting             |    36 |    48 |    12 ||    96
       Poisonous Vapours |     5 |    11 |    19 ||    35
       Sandblast         |       |     8 |    18 ||    26
       Mephitic Cloud    |       |     7 |    14 ||    21
       Vampiric Draining |       |       |    15 ||    15
       Olgreb's Toxic Ra |       |       |     2 ||     2
  Use: Scroll            |     3 |     1 |     1 ||     5
       Potion            |       |       |     2 ||     2
 Stab: Sleeping          |       |     2 |     1 ||     3
       Confused          |       |       |     2 ||     2
Armor: Robe              |     8 |     5 |    14 ||    27
Dodge: Dodged            |    19 |    32 |    31 ||    82
Block: Buckler           |       |     9 |    14 ||    23

Table legend: (Time is in decaauts)
 A = Elapsed time spent in this place.
 B = Non-inter-level travel time spent in this place.
 C = Inter-level travel time spent in this place.
 D = Time resting spent in this place.
 E = Time spent auto-exploring this place.
 F = Levels seen in this place.
 G = Mean time per level.
                   A        B        C        D        E       F      G
               +--------+--------+--------+--------+--------+-----+--------+
         Total |   6306 |   6048 |    258 |   1995 |   3078 |   5 | 1261.2 |
       Dungeon |   6306 |   6048 |    258 |   1995 |   3078 |   5 | 1261.2 |
               +--------+--------+--------+--------+--------+-----+--------+

Top non-repeatable levels by time:
     D:4: 2308 daAuts
     D:1: 1341 daAuts
     D:3: 1067 daAuts
     D:2: 882 daAuts
     D:5: 706 daAuts
